 Dungeon Crawl Stone Soup version 0.27.1-34-g3ba077fa99 (webtiles) character file.

Game seed: 16935480343703567168

173 melkoren the Slasher (level 5, 0/36 HPs)
             Began as a Demonspawn Gladiator on Jan 17, 2022.
             Was an Initiate of Gozag.
             Slain by a hobgoblin (1 damage)
             ... led by Robin
             ... on level 3 of the Dungeon.
             The game lasted 00:09:07 (4220 turns).

melkoren the Slasher (Demonspawn Gladiator)         Turns: 4220, Time: 00:09:08

Health: 0/36       AC:  2    Str: 15    XL:     5   Next: 28%
Magic:  5/5        EV: 12    Int:  9    God:    Gozag
Gold:   798        SH:  4    Dex: 15    Spells: 4/4 levels left

rFire    . . .     SeeInvis .   v - +0 dagger (vamp)
rCold    . . .     Faith    .   t - +0 buckler
rNeg     . . .     Spirit   .   b - +0 leather armour
rPois    .         Reflect  .   c - +0 helmet
rElec    .         Harm     .   (no cloak)
rCorr    +         Rampage  .   (no gloves)
Will     .....                  (no boots)
Stlth    +.........             A - amulet of the acrobat
HPRegen  0.12/turn              L - ring of flight
MPRegen  0.18/turn              R - ring of resist corrosion

@: flying
A: powered by pain 1, magic regeneration, deformed body, frail 1
a: Renounce Religion, Potion Petition, Call Merchant, Bribe Branch


You were on level 3 of the Dungeon.
You worshipped Gozag.
Gozag was pleased with you.
You visited 1 branch of the dungeon, and saw 4 of its levels.

You collected 1343 gold pieces.
You paid 545 gold pieces to Gozag.


Innate Abilities, Weirdness & Mutations

You sometimes gain a little power by taking damage.
You regenerate magic rapidly.
Armour fits poorly on your strangely shaped body.
You are frail. (-10% HP)


   Skills:
 + Level 3.1 Fighting
 * Level 4.3 Long Blades
 - Level 1.7 Throwing
 + Level 3.5 Dodging
 * Level 0.4 Shields


You had 4 spell levels left.
You didn't know any spells.
Your spell library contained the following spells:

 Spells                   Type           Power      Damage    Failure   Level
 Magic Dart               Conj           0%         1d3       63%         1
 Searing Ray              Conj           0%         3d3       77%         2
 Fulminant Prism          Conj/Hex       0%         3d6       100%        4

Inventory:

Hand Weapons
 a - a +0 long sword
 v - a +0 vampiric dagger (weapon)
   (You took it off a goblin on level 3 of the Dungeon)
Missiles
 d - 3 throwing nets {=f!f}
 i - 84 stones (quivered)
 m - 14 bolts
 q - 12 arrows
 s - 16 sling bullets
Armour
 b - a +0 leather armour (worn)
 c - a +0 helmet (worn)
 t - a +0 buckler (worn)
   (You found it on level 3 of the Dungeon)
Jewellery
 A - an amulet of the acrobat (around neck)
   (You found it on level 3 of the Dungeon)
 L - a ring of flight (left hand)
   (You found it on level 1 of the Dungeon)
 R - a ring of resist corrosion (right hand)
   (You found it on level 2 of the Dungeon)
Wands
 k - a wand of mindburst (13)
   (You found it on level 2 of the Dungeon)
Potions
 g - a potion of attraction {!q}
 r - 2 potions of curing {@q1}

Dungeon Overview and Level Annotations

Branches:
Dungeon (4/15)
 Temple: D:4-7

Altars:
Gozag
Uskayaw

Shops:
D:2 ?   D:3 (

Annotations:
D:4 Robin

#......'.......####
#.#....###........# #^#....#
#..#..##.# #.###### #.....##.#
#.# ##.#...##.#
####.#######......##.#
...#..............##.# ###
##.#.#######...#gg##.##########..
#.#.......'...+@g)....).....##.#
#.#.#######...######........##.#
#.#.# ####...# #........##.#
##.#.# #......# #######...#..
...#.# #......# #.#.###
####.####......####### #.#.#
...............'.....# #.#.#
####.####......#####.######.#.#
.....# #......# #.#......#.#


You could see 2 hobgoblins and a goblin.


Message History

* * * LOW HITPOINT WARNING * * *
😱 HP[-4]
You take 4 damage, and now have 6/36 hp.
You closely miss the goblin. The goblin barely misses you.
The goblin hits you but does no damage.
You closely miss the goblin. The goblin hits you with a +0 club.
* * * LOW HITPOINT WARNING * * *
😱 HP[-3]
You take 3 damage, and now have 3/36 hp.
You hit the goblin.
You kill the goblin!
You hit the goblin.
You feel better. The goblin hits you with a +0 club.
* * * LOW HITPOINT WARNING * * *
😱 HP[-1]
You take 1 damage, and now have 2/36 hp.
You hit the goblin but do no damage.
The goblin is distracted by your dazzling golden aura.
The goblin shouts!
You hit the goblin.
You kill the goblin! 😱 HP[+1]
You start resting. 😎 HP[+33]
Your hp is fully restored (36).
You now have 791 gold pieces (gained 13).
Things that are here:
a +0 club; a +0 club You now have 798 gold pieces (gained 7).
Things that are here:
a +0 club; a +0 dagger
There is a stone staircase leading down, spattered with blood here.
You fly downwards.
Level annotation: Robin The hobgoblin completely misses you.
You block the goblin's attack. The hobgoblin closely misses you.
The goblin shoots a stone.
The stone barely misses you. You block the goblin's attack.
There is a stone staircase leading up, spattered with blood here.
The hobgoblin barely misses you.
The hobgoblin hits you but does no damage.
The goblin shoots a stone.
The stone closely misses you. The goblin hits you with a +0 dagger.
You fly upwards.
There is a stone staircase leading down, spattered with blood here. 😕 HP[-1]
You take 1 damage, and now have 35/36 hp.
You completely miss the hobgoblin. You block the hobgoblin's attack.
The hobgoblin closely misses you. The goblin closely misses you.
You closely miss the hobgoblin. You block the hobgoblin's attack.
The hobgoblin hits you. 😕 HP[-2]
You take 2 damage, and now have 33/36 hp.
Unknown command.
You barely miss the hobgoblin. The goblin barely misses you.
The hobgoblin hits you. x2 😕 HP[-5]
You take 5 damage, and now have 28/36 hp.
You hit the hobgoblin.
You feel better. The goblin hits you with a +0 dagger. The hobgoblin hits you.
You block the hobgoblin's attack. 😮 HP[-3]
You take 3 damage, and now have 25/36 hp.
You hit the hobgoblin.
You feel better. You block the goblin's attack.
The hobgoblin barely misses you. The hobgoblin hits you. 😮 HP[-4]
You take 4 damage, and now have 21/36 hp.
You completely miss the hobgoblin. The goblin hits you with a +0 dagger.
* * * LOW HITPOINT WARNING * * *
The hobgoblin barely misses you. The hobgoblin hits you.
* * * LOW HITPOINT WARNING * * *
😨 HP[-8]
You take 8 damage, and now have 13/36 hp.
MASSIVE DAMAGE!! (PAUSE)
You miss the goblin. The goblin hits you but does no damage.
The hobgoblin barely misses you. 😨 HP[+1]
You closely miss the goblin. The hobgoblin hits you.
* * * LOW HITPOINT WARNING * * *
The goblin hits you with a +0 dagger.
* * * LOW HITPOINT WARNING * * *
The hobgoblin hits you.
* * * LOW HITPOINT WARNING * * *
😱 HP[-8]
You take 8 damage, and now have 6/36 hp.
MASSIVE DAMAGE!! (PAUSE)
You aren't carrying any scrolls.
Okay, then.
You barely miss the hobgoblin. You block the hobgoblin's attack.
The goblin hits you but does no damage. The hobgoblin misses you.
You hit the hobgoblin.
You feel better. You block the hobgoblin's attack.
The goblin hits you but does no damage.
The hobgoblin barely misses you. 😱 HP[+2]
You regained 2 hp, and now have 8/36 hp.
You hit the hobgoblin but do no damage. The hobgoblin hits you.
* * * LOW HITPOINT WARNING * * *
You block the goblin's attack. The hobgoblin hits you.
* * * LOW HITPOINT WARNING * * *
😱 HP[-7]
You take 7 damage, and now have 1/36 hp.
You completely miss the hobgoblin. The hobgoblin hits you.
You die...
Your body crumbles into a pile of gold.

Skill      XL: |  1  2  3  4 |
---------------+-------------+-----
Long Blades    | 3 4 |  4.3
Dodging        | 3 |  3.5
Fighting       | 3 |  3.1
Throwing       | |  1.7
Shields        | |  0.4

Action                   |  1- 3 |  4- 6 || total
-------------------------+-------+-------++-------
Melee: Long sword        |    72 |    63 ||   135
       Dagger            |       |    65 ||    65
Throw: Stone             |       |    11 ||    11
Invok: Call Merchant     |       |     1 ||     1
  Use: Scroll            |       |     6 ||     6
       Potion            |       |     5 ||     5
 Stab: Sleeping          |     1 |       ||     1
Armor: Leather armour    |    19 |    26 ||    45
Dodge: Dodged            |    57 |   103 ||   160
Block: Buckler           |       |    19 ||    19
       Rpst.: Long sword |    19 |    22 ||    41

Levels and vault maps discovered:
D:1:      psy_arrival_basics, layout_basic, dilly_ecumenical_altar_fadedgnrine,
          minmay_statues_item
D:2:      layout_basic, serial_shops, shop, kennysheep_generic_room_13,
          uniq_natasha
D:3:      minmay_diamond_boxcup, layout_basic, eat_drink_and_be_merry_uskayaw
D:4:      layout_cave_pools, mainiacjoe_overflow_brackets, lemuel_round_altar,
          minmay_misc_feat_cross, minivault_5, grunt_decor_junction,
          minmay_manual_macuahuitl, uniq_robin

Notes
Turn   | Place    | Note
-------+----------+-------------------------------------------
     0 | D:1      | melkoren the Demonspawn Gladiator began the quest for the
                  | Orb.
     0 | D:1      | Reached XP level 1. HP: 16/16 MP: 1/1
     0 | D:1      | magus.rc [v1.11.3]
   128 | D:1      | Reached skill level 3 in Long Blades
   167 | D:1      | Gained mutation: You sometimes gain a little power by
                  | taking damage. [demonic ancestry]
   167 | D:1      | Reached XP level 2. HP: 22/22 MP: 2/2
   405 | D:1      | Found a faded altar of an unknown god.
   412 | D:1      | Became a worshipper of Gozag Ym Sagoz the Greedy
   792 | D:2      | Reached skill level 3 in Dodging
   969 | D:2      | Reached XP level 3. HP: 22/28 MP: 3/3
  1072 | D:2      | Found Onienatz's Magic Scroll Shop.
  1386 | D:2      | Noticed Natasha
  1393 | D:2      | Killed Natasha
  1394 | D:2      | Gained mutation: You regenerate magic rapidly. [demonic
                  | ancestry]
  1394 | D:2      | Reached XP level 4. HP: 26/34 MP: 4/4
  2099 | D:2      | Noticed Natasha
  2108 | D:2      | Killed Natasha
  2109 | D:2      | Reached skill level 4 in Long Blades
  2268 | D:2      | Noticed Natasha
  2273 | D:2      | Killed Natasha
  2274 | D:2      | Reached skill level 3 in Fighting
  2274 | D:2      | Reached XP level 5. HP: 41/41 MP: 5/5
  2670 | D:3      | Found a hide-covered altar of Uskayaw.
  3444 | D:3      | You pick up a book of Conjurations and begin reading...
  3444 | D:3      | You add the spells Magic Dart, Searing Ray and Fulminant
                  | Prism to your library.
  3821 | D:3      | Gained mutation: You are frail. (-10% HP) [potion of
                  | mutation]
  3821 | D:3      | Gained mutation: Armour fits poorly on your strangely
                  | shaped body. [potion of mutation]
  3823 | D:3      | Identified a scroll of acquirement
  3823 | D:3      | Acquired 940 gold pieces
  3870 | D:4      | Noticed Robin
  3890 | D:3      | HP: 9/36 [goblin[Robin] (1)]
  3914 | D:3      | HP: 8/36 [goblin[Robin] (2)]
  3920 | D:3      | HP: 3/36 [goblin[Robin] (3)]
  4216 | D:3      | HP: 8/36 [goblin[Robin] (2)]
  4219 | D:3      | HP: 1/36 [hobgoblin[Robin] (3)]
  4220 | D:3      | Slain by a hobgoblin

Vanquished Creatures
  Natasha (thrice) (D:2)
  A hound skeleton (D:2)
  An adder (D:2)
  2 worms (D:3)
  2 dart slugs
  An orc (D:3)
  4 endoplasms
  A giant cockroach (D:1)
  14 goblins
  8 hobgoblins
  4 quokkas
  5 ball pythons
  4 bats
  5 kobolds
  9 rats
64 creatures vanquished.

Table legend:
 A = Non-vault XP
 B = Vault XP
 C = Vault XP percentage of total XP
 D = Non-vault monster count
 E = Vault monster count
 F = Vault count percentage of total count
                 A         B        C        D         E       F
            +---------+---------+-------+---------+---------+-------
      Total |     183 |      65 |  26.2 |      49 |      15 |  23.4
            +---------+---------+-------+---------+---------+-------
        D:1 |      24 |       0 |   0.0 |      16 |       0 |   0.0
        D:2 |     138 |      37 |  21.1 |      23 |       3 |  11.5
        D:3 |      21 |      28 |  57.1 |      10 |      12 |  54.5
            +---------+---------+-------+---------+---------+-------

Illustrated notes

Table legend:
 A = Kills in this place as a percentage of kills in entire the game.
 B = Kills by you in this place as a percentage of kills by you in the entire game.
 C = Kills by friends in this place as a percentage of kills by friends in the entire game.
 D = Other kills in this place as a percentage of other kills in the entire game.
 E = Experience gained in this place as a percentage of experience gained in the entire game.
 F = Experience gained in this place divided by the number of levels of this place that you have seen.
                   A       B       C       D       E      F
               +-------+-------+-------+-------+-------+----------------------
         Total | 100.0 | 100.0 |   N/A |   N/A | 100.0 |  62.0
       Dungeon | 100.0 | 100.0 |   N/A |   N/A | 100.0 |  62.0
               +-------+-------+-------+-------+-------+----------------------

Table legend: (Time is in decaauts)
 A = Elapsed time spent in this place.
 B = Non-inter-level travel time spent in this place.
 C = Inter-level travel time spent in this place.
 D = Time resting spent in this place.
 E = Time spent auto-exploring this place.
 F = Levels seen in this place.
 G = Mean time per level.
                   A        B        C        D        E       F      G
               +--------+--------+--------+--------+--------+-----+--------+
         Total |   4258 |   4184 |     74 |    639 |   2876 |   4 | 1064.5 |
       Dungeon |   4258 |   4184 |     74 |    639 |   2876 |   4 | 1064.5 |
               +--------+--------+--------+--------+--------+-----+--------+

Top non-repeatable levels by time:
     D:3: 1939 daAuts
     D:2: 1706 daAuts
     D:1: 604 daAuts
     D:4: 8 daAuts
